 Dungeon Crawl Stone Soup version 0.32-a0-630-g46d191b0ed (webtiles) character file.

Game seed: 7697938564448802279

109 smashvw the Slasher (level 4, -4/37 HPs)
             Began as a Coglin Gladiator on Mar 6, 2024.
             Succumbed to a kobold brigand's curare-tipped dart
             ... in a sewer.
             The game lasted 00:11:54 (1731 turns).

smashvw the Slasher (Coglin Gladiator)              Turns: 1731, Time: 00:11:55

Health: -4/37      AC: 11    Str: 14    XL:     4   Next: 89%
Magic:  4/4        EV:  4    Int:  8    God:
Gold:   90         SH:  0    Dex: 17    Spells: 3/3 levels left

rFire   . . .        a - +0 long sword {Aida}
rCold   . . .        p - +2 dagger (flame) {Qiu}
rNeg    . . .        k - +0 plate armour
rPois   .            c - +0 helmet
rElec   .            (no cloak)
rCorr   .            (no gloves)
SInv    .            (no boots)
Will    .....        (amulet unavailable) Stlth
                     (ring unavailable)
HPRegen 0.26/turn    (ring unavailable)
MPRegen 0.09/turn    (no gizmo)

%: no passive effects
@: lethally poisoned (-4 -> -20), slowed, very slow
A: off-hand wielding, slow wielding, warmup strikes, no jewellery
a: Invent Gizmo


You were in a sewer.
You visited 1 branch of the dungeon, and saw 3 of its levels.
You also visited: Sewer.

You collected 90 gold pieces.

Inventory:

Hand Weapons
 a - a +0 long sword (weapon) {Aida}
 p - a +2 dagger of flaming (offhand) {Qiu}
Missiles
 d - 4 throwing nets (quivered)
 e - a javelin
Armour
 c - a +0 helmet (worn)
 k - a +0 plate armour (worn)
Wands
 r - a wand of charming (11)
Scrolls
 b - a scroll of vulnerability {unknown}
 f - a scroll of revelation {unknown}
 h - a scroll of enchant armour {unknown}
 i - 3 scrolls of identify
 l - 2 scrolls of noise {unknown}
 m - a scroll of fear {unknown}
 q - a scroll of torment {unknown}
Potions
 g - 2 potions of cancellation
 j - 4 potions of curing {unknown}
 n - a potion of mutation
 o - 2 potions of lignification {unknown}


   Skills:
 + Level 3.7 Fighting
 + Level 4.3 Long Blades
 - Level 1.7 Throwing
 - Level 2.6 Dodging


You had 3 spell levels left.
You didn't know any spells.
Your spell library contained the following spells:

 Spells                   Type           Power      Damage    Failure   Level
 Blink                    Tloc           0%         N/A       100%        2
 Lesser Beckoning         Tloc           0%         N/A       100%        2
 Momentum Strike          Conj/Tloc      0%         3d8       100%        2
 Anguish                  Hex/Necr       0%         N/A       100%        4
 Cause Fear               Hex            0%         N/A       100%        4
 Enfeeble                 Hex            0%         N/A       100%        7


Dungeon Overview and Level Annotations

Branches:
Dungeon (3/15)              Sewer (1/1)

Altars:

Shops:
D:3 =

Annotations:
Sewer Pargi


Innate Abilities, Weirdness & Mutations

You can wield a second weapon in your off-hand.
It takes a long time for you to wield or remove held weapons.
Your first few attacks do less damage.
You cannot equip rings or amulets.


Message History

Okay, then.
Okay, then.
As you read the scroll labelled UCISMO GIWYR, it crumbles to dust.
It is a scroll of identify.
g - 2 potions of cancellation
As you read the scroll of identify, it crumbles to dust.
n - a potion of mutation The kobold brigand throws a curare-tipped dart.
The curare-tipped dart hits you.
You are poisoned.
You have difficulty breathing.
You feel yourself slow down.
Okay, then.
Okay, then.
You can't go up here!
Okay, then.
Okay, then.
You feel sick.
Pargi clenches his claws.
The kobold brigand throws a curare-tipped dart.
The curare-tipped dart hits you.
You are more poisoned.
You have difficulty breathing.
You feel as though you will be slow longer.
Pargi bites you. Pargi barely misses you. Pargi claws you but does no damage.
There is an empty arch of ancient stone here.
You feel very sick.
The kobold brigand throws a curare-tipped dart.
The curare-tipped dart hits you.
You are lethally poisoned!
You have difficulty breathing.
* * * LOW HITPOINT WARNING * * *
You feel as though you will be slow longer.
Pargi barely misses you. Pargi claws you but does no damage. x2
Found a potion of mutation.
* * * LOW HITPOINT WARNING * * *
You feel extremely sick. Pargi barely misses you.
Pargi claws you but does no damage. x2
Pargi bites you but does no damage. Pargi barely misses you.
Pargi claws you but does no damage.
You die...

#! #.
#+##'##+##+##+#
...............
~~~~~~K.~~~~~~~
≈≈≈≈≈≈≈∩≈≈≈≈≈≈≈
~~~~~~T.~~~~~~~
...............
#+##'##@##+##+#
#. #.# # #∩#
###


You could see Pargi and a kobold brigand.

Vanquished Creatures
  Ijyb (D:3)
  2 adders (D:2)
  3 dart slugs
  11 ball pythons
  7 bats
  4 endoplasms
  2 giant cockroaches
  5 goblins
  2 hobgoblins (D:2)
  5 quokkas
  4 frilled lizards
  7 kobolds
  5 rats
58 creatures vanquished.

Notes
Turn   | Place    | Note
-------+----------+-------------------------------------------
     0 | D:1      | smashvw the Coglin Gladiator began the quest for the Orb.
     0 | D:1      | Reached XP level 1. HP: 16/16 MP: 1/1
   100 | D:1      | Reached XP level 2. HP: 23/23 MP: 2/2
   595 | D:1      | Reached XP level 3. HP: 28/28 MP: 3/3
  1078 | D:2      | Reached XP level 4. HP: 32/35 MP: 4/4
  1099 | D:2      | Reached skill level 4 in Long Blades
  1563 | D:3      | Found Egyar's Jewellery Emporium.
  1604 | D:3      | Found a glowing drain.
  1607 | D:3      | Noticed Ijyb
  1680 | D:3      | Killed Ijyb
  1724 | Sewer    | Entered a sewer
  1724 | Sewer    | Noticed a kobold brigand
  1724 | Sewer    | Noticed Pargi
  1730 | Sewer    | HP: 1/37 [poisoned by a kobold brigand (curare-tipped
                  | dart)]
  1731 | Sewer    | Succumbed to a kobold brigand's curare-tipped dart

Illustrated notes

Levels and vault maps discovered:
D:1:      ebering_hopf_link, layout_loops_cross
D:2:      layout_basic
D:3:      layout_loops_cross, serial_shops, nicolae_shop_stone,
          cheibrodos_sewer_entry_sluice, minivault_4, uniq_ijyb
Sewer:    kennysheep_door_sewer

Skill      XL: |  1  2  3  4 |
---------------+-------------+-----
Fighting       | 3 |  3.7
Long Blades    | 4 |  4.3
Throwing       | |  1.7
Dodging        | |  2.6

Action                     |  1- 3 |  4- 6 || total
---------------------------+-------+-------++-------
  Melee: Long sword        |   102 |    43 ||   145
         Dagger            |    86 |    41 ||   127
    Use: Scroll            |       |     2 ||     2
 Armour: Leather armour    |    31 |       ||    31
         Plate armour      |    57 |    79 ||   136
  Dodge: Dodged            |    38 |    22 ||    60

Table legend: (Time is in decaauts)
 A = Elapsed time spent in this place.
 B = Non-inter-level travel time spent in this place.
 C = Inter-level travel time spent in this place.
 D = Time resting spent in this place.
 E = Time spent auto-exploring this place.
 F = Levels seen in this place.
 G = Mean time per level.
                   A        B        C        D        E       F      G
               +--------+--------+--------+--------+--------+-----+--------+
         Total |   1744 |   1630 |    114 |      0 |   1166 |   4 |  436.0 |
       Dungeon |   1736 |   1622 |    114 |      0 |   1166 |   3 |  578.7 |
         Sewer |      8 |      8 |      0 |      0 |      0 |   1 |    8.0 |
               +--------+--------+--------+--------+--------+-----+--------+

Top non-repeatable levels by time:
     D:2: 778 daAuts
     D:1: 763 daAuts
     D:3: 193 daAuts
   Sewer: 8 daAuts
